 Dungeon Crawl Stone Soup version 0.27-a0-1184-ge86db4a01e (webtiles) character file.

Game seed: 16061319731106547073

1448 Wyvernaa the Poker (level 9, -2/68 HPs)
             Began as a Formicid Fighter on May 18, 2021.
             Slain by a steam dragon (9 damage)
             ... on level 7 of the Dungeon.
             The game lasted 00:24:01 (9130 turns).

Wyvernaa the Poker (Formicid Fighter)               Turns: 9130, Time: 00:24:01

Health: -2/68      AC: 14    Str: 25    XL:     9   Next: 4%
Magic:  9/9        EV:  8    Int:  7    God:
Gold:   237        SH: 10    Dex: 10    Spells: 8/8 levels left

rFire    . . .     SeeInvis +   a - +0 trident
rCold    . . .     Faith    .   c - +0 kite shield
rNeg     . . .     Spirit   .   m - +0 chain mail
rPois    +         Reflect  .   (helmet unavailable)
rElec    .         Harm     .   (no cloak)
rCorr    .         Rampage  .   (no gloves)
Will     .....                  (no boots)
Stlth    ..........             (no amulet)
HPRegen  0.21/turn              h - ring of poison resistance
MPRegen  0.11/turn              f - +4 ring of protection

@: attractive
A: permanent stasis, dig shafts and tunnels, antennae 3, four strong arms
a: Dig, Shaft Self


You were on level 7 of the Dungeon.
You visited 1 branch of the dungeon, and saw 7 of its levels.

You collected 237 gold pieces.

Inventory:

Hand Weapons
 a - a +0 trident (weapon)
Missiles
 d - 2 throwing nets
Armour
 c - a +0 kite shield (worn)
 m - a +0 chain mail (worn)
Jewellery
 b - a ring of wizardry
 f - a +4 ring of protection (right hand)
 g - a +4 ring of evasion
 h - a ring of poison resistance (left hand)
Wands
 j - a wand of mindburst (11)
Scrolls
 e - a scroll of enchant weapon
 i - a scroll of magic mapping
 l - 3 scrolls of teleportation


   Skills:
 + Level 5.1 Fighting
 * Level 7.6 Polearms
 + Level 5.8 Armour
 + Level 1.8 Dodging
 - Level 0.1 Stealth
 + Level 6.1 Shields


You had 8 spell levels left.
You didn't know any spells.
Your spell library contained the following spells:

 Spells                   Type           Power      Damage    Failure   Level
 Magic Dart               Conj           0%         1d3       99%         1
 Sandblast                Erth           0%         2d4       99%         1
 Shock                    Conj/Air       0%         1d3       99%         1
 Summon Small Mammal      Summ           0%         N/A       99%         1
 Call Imp                 Summ           0%         N/A       100%        2
 Passwall                 Tmut/Erth      0%         N/A       100%        2
 Poisonous Vapours        Pois/Air       0%         N/A       100%        2
 Slow                     Hex            0%         N/A       100%        2
 Static Discharge         Conj/Air       0%         N/A       100%        2
 Call Canine Familiar     Summ           0%         N/A       100%        3
 Conjure Flame            Conj/Fire      0%         6-21      100%        3
 Mephitic Cloud           Conj/Pois/Air  0%         N/A       100%        3
 Stone Arrow              Conj/Erth      0%         3d7       100%        3
 Summon Guardian Golem    Hex/Summ       0%         N/A       100%        3
 Airstrike                Air            0%         N/A       100%        4
 Petrify                  Tmut/Erth      0%         N/A       100%        4
 Summon Ice Beast         Ice/Summ       0%         N/A       100%        4
 Summon Lightning Spire   Summ/Air       0%         N/A       100%        4
 Lee's Rapid Deconstruct  Erth           0%         3d5*      100%        5
 Lightning Bolt           Conj/Air       0%         1d11      100%        5
 Freezing Cloud           Conj/Ice/Air   0%         6-21      100%        6
 Blink                    Tloc           Unusable   N/A       N/A         2
 Swiftness                Air            Unusable   N/A       N/A         3

Dungeon Overview and Level Annotations

Branches:
Dungeon (7/15)
 Temple: D:4-7

Altars:
Kikubaaqudgha
Okawaru
Trog
Uskayaw
The Shining One
Beogh

Annotations:
D:7 3 runed translucent doors, A pressure plate trap to check out, donath's ghost, novice OpTm


Innate Abilities, Weirdness & Mutations

You cannot be hasted, slowed, berserked, paralysed or teleported.
You can dig through walls and to a lower floor.
You have a pair of large antennae on your head. (SInv)
Your four strong arms can wield two-handed weapons with a shield.


Message History

You kill the ice beast!
You have reached level 9!
Your experience leads to an increase in your attributes!
Increase (S)trength, (I)ntelligence, or (D)exterity?
You feel stronger.
Okay, then.
You puncture the steam dragon!
The steam dragon is moderately wounded.
You block the steam dragon's attack.
The steam dragon claws you but does no damage.
You hit the steam dragon.
The steam dragon is moderately wounded.
The steam dragon bites you. You block the steam dragon's attack.
You puncture the steam dragon!
The steam dragon is severely wounded.
You block the steam dragon's attack.
The steam dragon claws you but does no damage.
You completely miss the steam dragon.
The steam dragon is severely wounded.
The steam dragon bites you but does no damage.
You block the steam dragon's attack.
You hit the steam dragon but do no damage.
The steam dragon is severely wounded.
You block the steam dragon's attack. The steam dragon barely misses you.
You hit the steam dragon but do no damage.
The steam dragon is severely wounded.
The steam dragon breathes steam at you. The ball of steam hits you!!
* * * LOW HITPOINT WARNING * * *
You hear an angry hiss.
You hit the steam dragon but do no damage.
The steam dragon is severely wounded.
You are engulfed in a cloud of scalding steam.
* * * LOW HITPOINT WARNING * * *
You block the steam dragon's attack. x2
It was a potion of attraction.
You feel attractive to monsters.
You are engulfed in a cloud of scalding steam.
The steam dragon bites you!
You die...

#..## .#{#. #
##..## ... #. .
##..###{###.....#
##.........#.^..
##{##########...#
##{## # #.. ##{##
### ##D## ##
#.#@# ##. #####
##.# ##.## #.##
###


You could see a steam dragon (catching breath).

Vanquished Creatures
  Menkaure (D:4)
  An orc warrior (D:7)
  2 ice beasts
  An ogre (D:6)
  2 necrophages (D:6)
  2 scorpions
  A wyvern skeleton (D:5)
  2 killer bees
  3 jellies
  An orc priest (D:6)
  A hound (D:6)
  A bullfrog skeleton (D:7)
  Jessica (D:2)
  3 orc wizards
  2 killer bee zombies (D:7)
  A hound skeleton (D:4)
  A howler monkey zombie (D:6)
  2 river rats (D:4)
  3 adders
  3 ufetubi
  An adder skeleton (D:3)
  3 dart slugs
  24 orcs
  5 bats
  6 endoplasms
  5 giant cockroaches
  3 goblins
  4 hobgoblins
  10 jackals
  3 quokkas
  10 ball pythons
  2 frilled lizards
  2 kobolds
  11 rats
123 creatures vanquished.

Notes
Turn   | Place    | Note
-------+----------+-------------------------------------------
     0 | D:1      | Wyvernaa the Formicid Fighter began the quest for the Orb.
     0 | D:1      | Reached XP level 1. HP: 18/18 MP: 1/1
   189 | D:1      | Reached XP level 2. HP: 24/24 MP: 2/2
   195 | D:1      | Found a faded altar of an unknown god.
   544 | D:1      | Reached XP level 3. HP: 23/29 MP: 3/3
  1366 | D:2      | Found a hide-covered altar of Uskayaw.
  1773 | D:2      | Reached XP level 4. HP: 36/36 MP: 4/4
  1806 | D:2      | Noticed Jessica
  1818 | D:2      | Killed Jessica
  1819 | D:2      | Reached skill level 3 in Polearms
  2516 | D:3      | Reached XP level 5. HP: 27/42 MP: 5/5
  3014 | D:3      | Found a glowing golden altar of the Shining One.
  3456 | D:4      | Noticed Menkaure
  3489 | D:4      | You fall into a shaft and drop 3 floors!
  3647 | D:6      | Noticed an orc warrior
  3656 | D:7      | HP: 2/42 [orc warrior/+1 vorpal flail (8)]
  3657 | D:7      | Killed an orc warrior
  3658 | D:7      | Reached skill level 4 in Polearms
  3658 | D:7      | Reached skill level 1 in Dodging
  3658 | D:7      | Reached XP level 6. HP: 2/48 MP: 6/6
  4103 | D:5      | Entered Level 5 of the Dungeon
  4788 | D:4      | Killed Menkaure
  4789 | D:4      | Reached skill level 5 in Armour
  4789 | D:4      | Reached skill level 5 in Shields
  4789 | D:4      | Reached XP level 7. HP: 17/54 MP: 7/7
  5087 | D:4      | Found an iron altar of Okawaru.
  5087 | D:4      | Found a bloodstained altar of Trog.
  5087 | D:4      | Found a hide-covered altar of Uskayaw.
  5113 | D:4      | Found an ancient bone altar of Kikubaaqudgha.
  5423 | D:5      | Reached skill level 5 in Polearms
  5462 | D:4      | You fall into a shaft and drop 2 floors!
  6000 | D:6      | Reached XP level 8. HP: 43/61 MP: 8/8
  6303 | D:6      | Reached skill level 6 in Polearms
  6809 | D:5      | Reached skill level 7 in Polearms
  7266 | D:7      | Reached skill level 5 in Fighting
  7422 | D:7      | Found a runed translucent gate.
  7423 | D:7      | Noticed donath's ghost (novice OpTm)
  7424 | D:7      | Found a runed translucent gate.
  7424 | D:7      | Found a runed translucent gate.
  9123 | D:7      | Reached XP level 9. HP: 29/68 MP: 9/9
  9130 | D:7      | Slain by a steam dragon

Illustrated notes

Levels and vault maps discovered:
D:1:      saegor_arrival_simple_a, layout_basic, basic_ecumenical_altar,
          chequers_serial_rivers_small_b
D:2:      layout_basic, basic_altar, uniq_jessica
D:3:      layout_rooms, old_standard_altar, serial_curves, eino_curves_02,
          eino_curves_01, eino_curves_03
D:4:      layout_cave_pools, grunt_temple_overflow_cloverleaf,
          portal_sewer_entry_e, uniq_menkaure
D:5:      layout_loops_ring, minmay_temple_entry_glass, hangedman_glass_teeth,
          minivault_11, uniq_eustachio
D:6:      layout_basic
D:7:      minmay_the_grid_octo_2x2 [minmay_the_grid_octo_horde,
          minmay_the_grid_octo_teeth, minmay_the_grid_octo_tetromino_candy,
          minmay_the_grid_octo_prize_single_spiral], layout_gridville,
          biasface_ghost_orc_armoury, dk_rats_in_the_wall

Skill      XL: |  1  2  3  4  5  6  7  8 |
---------------+-------------------------+-----
Shields        | 4 5 6 |  6.1
Polearms       | 3 4 5 7 |  7.6
Armour         | 4 5 |  5.8
Dodging        | 1 |  1.8
Fighting       | 4 5 |  5.1
Stealth        | |  0.1

Action                   |  1- 3 |  4- 6 |  7- 9 || total
-------------------------+-------+-------+-------++-------
Melee: Trident           |   114 |   233 |   238 ||   585
 Abil: Dig               |     1 |     6 |    20 ||    27
       Shaft Self        |       |     1 |     1 ||     2
  Use: Scroll            |     2 |     4 |     4 ||    10
       Potion            |       |     4 |     4 ||     8
Armor: Scale mail        |    37 |    55 |       ||    92
       Chain mail        |       |    48 |   118 ||   166
Dodge: Dodged            |    45 |    79 |    66 ||   190
Block: Kite shield       |    58 |   122 |   138 ||   318

Table legend: (Time is in decaauts)
 A = Elapsed time spent in this place.
 B = Non-inter-level travel time spent in this place.
 C = Inter-level travel time spent in this place.
 D = Time resting spent in this place.
 E = Time spent auto-exploring this place.
 F = Levels seen in this place.
 G = Mean time per level.
                   A        B        C        D        E       F      G
               +--------+--------+--------+--------+--------+-----+--------+
         Total |   9291 |   8940 |    351 |   3836 |   2761 |   7 | 1327.3 |
       Dungeon |   9291 |   8940 |    351 |   3836 |   2761 |   7 | 1327.3 |
               +--------+--------+--------+--------+--------+-----+--------+

Top non-repeatable levels by time:
     D:7: 2467 daAuts
     D:6: 1818 daAuts
     D:1: 1455 daAuts
     D:4: 1165 daAuts
     D:2: 1151 daAuts
     D:3: 1069 daAuts
     D:5: 165 daAuts
